 Dungeon Crawl Stone Soup version 0.29-a0-892-g2c4c91d9db (webtiles) character file.

Game seed: 12480377732267637859

37 ZappyNine the Ruffian (level 3, 0/40 HPs)
             Began as a Barachi Transmuter on July 22, 2022.
             Succumbed to an adder's poison
             ... on level 2 of the Dungeon.
             The game lasted 00:00:45 (479 turns).

ZappyNine the Ruffian (Barachi Transmuter)           Turns: 479, Time: 00:00:45

Health: 0/40       AC:  2    Str: 13    XL:     3   Next: 39%
Magic:  6/6        EV: 12    Int: 13    God:
Gold:   30         SH:  0    Dex: 12    Spells: 3/6 levels left

rFire   . . .      SeeInvis .     - Unarmed
rCold   . . .      Faith    .   (no shield)
rNeg    . . .      Spirit   .   a - +0 robe
rPois   .          Reflect  .   (helmet currently unavailable)
rElec   .          Harm     .   (no cloak)
rCorr   .          Rampage  .   (no gloves)
Will    .....                   (boots currently unavailable)
Stlth   ..........              (no amulet)
HPRegen 0.13/turn               (no ring)
MPRegen 0.10/turn               (no ring)

@: berserking, lethally poisoned (0 -> -4), appendages, very quick
A: horns 2, talons 2, amphibious, slowness 1, strong legs 1, +LOS
a: Hop, End Transformation


You were on level 2 of the Dungeon.
You had temporarily grown beastly horns and talons.
You visited 1 branch of the dungeon, and saw 2 of its levels.

You collected 30 gold pieces.

Inventory:

Armour
 a - a +0 robe (worn)
Jewellery
 h - a ring of willpower
Scrolls
 c - a scroll of teleportation {unknown}
 d - a scroll of fog {unknown}
 f - a scroll of identify {unknown}
Potions
 b - a potion of lignification
 g - a potion of magic {unknown}


   Skills:
 + Level 2.0 Fighting
 + Level 2.6 Dodging
 * Level 4.0 Unarmed Combat
 - Level 2.1 Spellcasting
 + Level 2.6 Transmutations


You had 3 spell levels left.
You knew the following spells:

 Your Spells              Type           Power      Damage    Failure   Level
a - Beastly Appendage     Tmut           16%        N/A       9%          1
b - Wereblood             Tmut           8%         N/A       13%         2

Your spell library contained the following spells:

 Spells                   Type           Power      Damage    Failure   Level
 Spider Form              Tmut/Pois      4%         N/A       41%         3
 Ice Form                 Ice/Tmut       4%         N/A       82%         4


Dungeon Overview and Level Annotations

Branches:
Dungeon (1/15)

Altars:


Innate Abilities, Weirdness & Mutations

You have temporarily grown beastly horns and talons.
You are amphibious.
You cover ground slowly.
You can hop short distances.
You have an extended range of vision and can be seen from far away.


Message History

You miss the adder.
The adder is heavily wounded.
You feel very sick. The adder misses you.
You closely miss the adder. Your kick misses the adder. You headbutt the adder.
Your punch misses the adder.
The adder is almost dead.
You feel sick. The adder barely misses you.
You miss the adder. Your kick misses the adder.
The adder is almost dead.
* * * LOW HITPOINT WARNING * * *
You feel sick. The adder barely misses you.
You miss the adder.
The adder is almost dead.
You feel sick. The adder bites you.
* * * LOW HITPOINT WARNING * * *
You are lethally poisoned!
The adder poisons you!
You hit the adder.
You kill the adder!
* * * LOW HITPOINT WARNING * * *
You feel sick.
Your Fighting skill increases to level 2!
Your Unarmed Combat skill increases to level 4!
* * * LOW HITPOINT WARNING * * *
You feel sick.
You see here an adder corpse.
Unknown command.
It was a potion of berserk rage.
A red film seems to cover your vision as you go berserk!
You feel yourself moving faster!
You feel mighty!
* * * LOW HITPOINT WARNING * * *
You feel sick.
You are too berserk!
There are no objects that can be picked up here. an adder corpse You feel a strong urge to attack something.
* * * LOW HITPOINT WARNING * * *
You feel sick.
You die...

################
##..............###
##.......).......'.#
##................#.#
#....##############.# #...##
#.# #..†.##############.##
##...@............#..#
##..)............'...
##.........(....#### #######
################ #.....#
#.....# ##### #.....#
......### #...# #.....#
......##. ##.#..
#...#######............##.....


There were no monsters in sight!

Vanquished Creatures
  3 adders (D:2)
  2 bats (D:2)
  An endoplasm (D:2)
  3 goblins (D:2)
  A ball python (D:2)
  A frilled lizard (D:2)
  A rat (D:2)
12 creatures vanquished.

Notes
Turn   | Place    | Note
-------+----------+-------------------------------------------
     0 | D:1      | ZappyNine the Barachi Transmuter began the quest for the
                  | Orb.
     0 | D:1      | Reached XP level 1. HP: 15/15 MP: 3/3
    25 | D:1      | You fall into a shaft and drop 1 floor!
    45 | D:2      | Reached XP level 2. HP: 21/21 MP: 3/5
    97 | D:2      | Learned a level 2 spell: Wereblood
   223 | D:2      | Reached XP level 3. HP: 19/27 MP: 6/6
   452 | D:2      | Identified the +6 hand axe of Immorality {vorpal, Fragile
                  | MP+9 Int+2}
   476 | D:2      | Reached skill level 4 in Unarmed Combat
   477 | D:2      | HP: 2/40 [poisoned by an adder]
   479 | D:2      | Succumbed to an adder's poison

Illustrated notes

Levels and vault maps discovered:
D:1:      dpeg_arrival_rooms_c, layout_rooms, serial_shops, shop
D:2:      layout_rooms, shapermc_ecumenical_altar_mp_urbaneastern, nrook_uturn

Skill      XL: |  1  2  3 |
---------------+----------+-----
Fighting       | 2 |  2.0
Unarmed Combat | 4 |  4.0
Dodging        | |  2.6
Spellcasting   | |  2.1
Transmutations | |  2.6

Action                   || total
-------------------------++-------
Melee: Unarmed           ||    37
       Headbutt          ||     4
       Kick              ||     3
 Cast: Beastly Appendage ||     7
  Use: Potion            ||     1
Armor: Robe              ||     7
Dodge: Dodged            ||    31

Table legend: (Time is in decaauts)
 A = Elapsed time spent in this place.
 B = Non-inter-level travel time spent in this place.
 C = Inter-level travel time spent in this place.
 D = Time resting spent in this place.
 E = Time spent auto-exploring this place.
 F = Levels seen in this place.
 G = Mean time per level.
                   A        B        C        D        E       F      G
               +--------+--------+--------+--------+--------+-----+--------+
         Total |    523 |    523 |      0 |      0 |    405 |   2 |  261.5 |
       Dungeon |    523 |    523 |      0 |      0 |    405 |   2 |  261.5 |
               +--------+--------+--------+--------+--------+-----+--------+

Top non-repeatable levels by time:
     D:2: 493 daAuts
     D:1: 29 daAuts
